 Dungeon Crawl Stone Soup version 0.30.1-3-gfc49f6343a (webtiles) character file.

Game seed: 664122771960248167

68 KyoPewz the Trooper (level 4, 0/48 HPs)
             Began as an Ogre Gladiator on July 30, 2023.
             Slain by Terence
             ... wielding a +0 mace
              (8 damage)
             ... on level 2 of the Dungeon.
             The game lasted 00:03:01 (1092 turns).

KyoPewz the Trooper (Ogre Gladiator)                Turns: 1092, Time: 00:03:02

Health: 0/48       AC:  3    Str: 20    XL:     4   Next: 19%
Magic:  4/4        EV: 10    Int:  9    God:
Gold:   75         SH:  0    Dex: 10    Spells: 3/3 levels left

rFire   . . .        a - +0 flail
rCold   . . .        (no shield)
rNeg    . . .        b - +0 robe
rPois   .            c - +0 hat
rElec   .            (no cloak)
rCorr   .            (gloves unavailable)
SInv    .            (boots unavailable)
Will    .....        (no amulet)
Stlth   +            (no ring)
HPRegen 0.28/turn    (no ring)
MPRegen 0.09/turn

%: no passive effects
@: no status effects
A: large, unfitting armour, tough skin 1
a: no special abilities


You were on level 2 of the Dungeon.
You visited 1 branch of the dungeon, and saw 2 of its levels.

You collected 75 gold pieces.

Inventory:

Hand Weapons
 a - a +0 flail (weapon)
Missiles
 d - 3 throwing nets (quivered)
 e - a large rock
 k - 17 stones
Armour
 b - a +0 robe (worn)
 c - a +0 hat (worn)
Jewellery
 g - a ring of magical power
Scrolls
 f - 2 scrolls of teleportation {unknown}
 h - a scroll of noise {unknown}
 j - 2 scrolls of identify {unknown}
Potions
 i - a potion of degeneration {unknown}
 l - a potion of might {unknown}
 m - a potion of brilliance {unknown}
 n - a potion of lignification {unknown}


   Skills:
 + Level 3.9 Fighting
 + Level 3.3 Maces & Flails
 + Level 2.9 Throwing
 - Level 2.6 Dodging


You had 3 spell levels left.
You didn't know any spells.
Your spell library was empty.

Dungeon Overview and Level Annotations

Branches:
Dungeon (2/15)

Altars:

Annotations:
D:2 Robin, Terence


Innate Abilities, Weirdness & Mutations

You are too large for most types of armour.
You have tough skin. (AC +1)


Message History

You sock the goblin!
You kill the goblin!
The rat bites you. Robin throws the goblin at you!
You take 1 damage, and have 32/48 hp.
You hit the goblin.
You kill the goblin!
The rat bites you. Robin throws the goblin at you!
The goblin hits you with a +0 club. The rat bites you but does no damage.
Robin throws the goblin at you!
You take 8 damage, and have 24/48 hp.
You sock the goblin!
You kill the goblin!
The goblin hits you but does no damage. The rat bites you.
Robin roars a battlecry!
The goblin closely misses you.
Items here: )))) ††.
Robin throws the goblin at you!
You take 2 damage, and have 22/48 hp.
The goblin barely misses you. The rat attacks as you move away!
The rat barely misses you. The goblin hits you with a +0 club.
You take 3 damage, and have 20/48 hp.
The rat attacks as you move away! The rat closely misses you.
Terence the Incautious comes into view.
He is wielding a +0 mace.
Terence shouts!
The goblin no longer looks unusually strong.
Robin roars a battlecry!
The goblin goes into a battle-frenzy!
The rat attacks as you move away! The rat bites you but does no damage.
Terence barely misses you.
Robin roars a battlecry!
Terence attacks as you move away! Terence hits you but does no damage.
Terence attacks as you move away! Terence hits you with a +0 mace!
You take 9 damage, and have 15/48 hp.
Terence attacks as you move away! Terence hits you with a +0 mace!
* * * LOW HITPOINT WARNING * * *
Robin roars a battlecry!
You take 8 damage, and have 7/48 hp.
Terence attacks as you move away! Terence hits you with a +0 mace!
You die...

##.##.##.# #.##)#.#
#>##.##.# ...#.#S.
#.##....# .#..........
#.....####...#........
#.....# #####........
#.##..# #........
#.##††# #........ #
#..# #.......[
##.@########........
#.#..@..........
#.............#.
###.#.#r#.......
#....#...###..
#..####g## #.. ##.# $#
#. #.g# #.# #. #.##
#.#.#


You could see Terence, Robin, a goblin (strong) and a rat.

Vanquished Creatures
  An adder (D:2)
  2 dart slugs
  4 ball pythons
  11 endoplasms (D:1)
  4 hobgoblins (D:1)
  3 jackals (D:2)
  6 kobolds
  A quokka (D:2)
  2 bats (D:1)
  A frilled lizard (D:2)
  11 goblins
  2 rats
48 creatures vanquished.

Notes
Turn   | Place    | Note
-------+----------+-------------------------------------------
     0 | D:1      | KyoPewz the Ogre Gladiator began the quest for the Orb.
     0 | D:1      | Reached XP level 1. HP: 22/22 MP: 1/1
    81 | D:1      | Reached XP level 2. HP: 28/31 MP: 2/2
   334 | D:1      | Reached XP level 3. HP: 37/37 MP: 3/3
   979 | D:2      | Reached XP level 4. HP: 48/48 MP: 4/4
  1056 | D:2      | Noticed Robin
  1073 | D:2      | Noticed Terence
  1092 | D:2      | Slain by Terence

Illustrated notes

Levels and vault maps discovered:
D:1:      ncdulo_halloftheorcs, layout_rooms, serial_forest,
          infiniplex_forest_side_room, infiniplex_forest_lined_corner,
          infiniplex_forest_clump_C, infiniplex_forest_clump_small,
          infiniplex_forest_end_3, infiniplex_forest_clump_tiny
D:2:      layout_loops_ring, uniq_terence, uniq_robin

Skill      XL: |  1  2 |
---------------+-------+-----
Fighting       | 3 |  3.9
Maces & Flails | 3 |  3.3
Throwing       | |  2.9
Dodging        | |  2.6

Action                     |  1- 3 |  4- 6 || total
---------------------------+-------+-------++-------
  Melee: Flail             |   123 |    27 ||   150
 Armour: Robe              |    47 |    13 ||    60
  Dodge: Dodged            |    77 |    19 ||    96
